 Dungeon Crawl Stone Soup version 0.27-a0-170-g607d9e9d85 (webtiles) character file.

Game seed: 14107323373415866731

47 tsouns the Sneak (level 3, -1/33 HPs)
             Began as a Draconian Delver on Jan 29, 2021.
             Slain by a hobgoblin
             ... wielding a +0 club
             ... led by Robin
              (6 damage)
             ... on level 4 of the Dungeon.
             The game lasted 00:00:39 (333 turns).

tsouns the Sneak (Draconian Delver)                  Turns: 333, Time: 00:00:40

Health: -1/33      AC:  5    Str: 14    XL:     3   Next: 48%
Magic:  3/3        EV: 12    Int: 11    God:
Gold:   13         SH:  0    Dex: 12    Spells: 2/2 levels left

rFire    . . .     SeeInvis .   a - +0 mace
rCold    . . .     Faith    .   (no shield)
rNeg     . . .     Spirit   .   (armour unavailable)
rPois    .         Reflect  .   (helmet restricted)
rElec    .         Harm     .   (no cloak)
rCorr    .         Rampage  .   (no gloves)
Will     .....                  (no boots)
Stlth    +++.......             (no amulet)
HPRegen  0.11/turn              (no ring)
MPRegen  0.08/turn              (no ring)

@: hasted, very quick
A: unfitting armour, cold-blooded, AC +5
a: no special abilities


You were on level 4 of the Dungeon.
You visited 1 branch of the dungeon, and saw 2 of its levels.

You collected 13 gold pieces.

Inventory:

Hand Weapons
 a - a +0 mace (weapon)
Wands
 f - a wand of digging (3)
Scrolls
 b - a scroll of fog
 c - a scroll of magic mapping
 d - 2 scrolls of fear


   Skills:
 + Level 3.9 Fighting
 + Level 2.7 Maces & Flails
 + Level 2.5 Dodging
 - Level 4.5 Stealth


You had 2 spell levels left.
You didn't know any spells.
Your spell library was empty.

Dungeon Overview and Level Annotations

Branches:
Dungeon (5/15)
 Temple: D:4-7

Altars:

Annotations:
D:4 Duvessa


Innate Abilities, Weirdness & Mutations

Your plain brown scales are hard. (AC +5)
You cannot fit into any form of body armour.
You are cold-blooded and may be slowed by cold attacks.


Message History

Robin is almost dead.
Robin hits you with a +0 dagger. The goblin closely misses you.
You barely miss Robin.
Robin is almost dead.
You hit Robin.
You kill Robin!
The goblin hits you with a +0 dagger.
* * * LOW HITPOINT WARNING * * *
You barely miss the goblin. The goblin hits you but does no damage.
The hobgoblin hits you but does no damage.
You closely miss the goblin. The goblin hits you with a +0 dagger.
* * * LOW HITPOINT WARNING * * *
You sock the goblin!
You kill the goblin!
The hobgoblin closely misses you.
You hit the hobgoblin. You tail-slap the hobgoblin.
The hobgoblin is severely wounded.
The goblin no longer looks unusually strong.
The hobgoblin hits you with a +0 club.
You die...

#######.# #.#
#.# #.######
#......######
##.##........#
##...#.#.####.#
#......#g#
........#@#
#####.####g#
#g.g.gg#
#g###### #'#


gg. ...gg ....ggg .....g... You could see 2 hobgoblins and 2 goblins.

Vanquished Creatures
  A hound (D:4)
  Robin (D:4)
  5 goblins (D:4)
7 creatures vanquished.

Notes
Turn   | Place    | Note
-------+----------+-------------------------------------------
     0 | D:5      | tsouns the Draconian Delver began the quest for the Orb.
     0 | D:5      | Reached XP level 1. HP: 19/19 MP: 1/1
    23 | D:4      | Noticed a hound
    24 | D:4      | Noticed Duvessa
    47 | D:4      | Killed a hound
    48 | D:4      | Reached XP level 2. HP: 7/27 MP: 2/2
    48 | D:4      | Reached XP level 3. HP: 8/33 MP: 3/3
   287 | D:4      | Noticed Robin
   329 | D:4      | Killed Robin
   333 | D:4      | Slain by a hobgoblin

Illustrated notes

Levels and vault maps discovered:
D:4:      layout_loops_corners, cheibrodos_sewer_entry_drain, uniq_menkaure,
          uniq_duvessa, uniq_ijyb, uniq_robin
D:5:      layout_basic, minmay_temple_entry_glass

Skill      XL: |  1 |
---------------+----+-----
Dodging        | 2 |  2.5
Fighting       | |  3.9
Maces & Flails | |  2.7
Stealth        | |  4.5

Action                   || total
-------------------------++-------
Melee: Mace              ||    48
       Tailslap          ||     5
  Use: Potion            ||     1
Armor: Skin              ||    16
Dodge: Dodged            ||    44

Table legend: (Time is in decaauts)
 A = Elapsed time spent in this place.
 B = Non-inter-level travel time spent in this place.
 C = Inter-level travel time spent in this place.
 D = Time resting spent in this place.
 E = Time spent auto-exploring this place.
 F = Levels seen in this place.
 G = Mean time per level.
                   A        B        C        D        E       F      G
               +--------+--------+--------+--------+--------+-----+--------+
         Total |    341 |    341 |      0 |      0 |    257 |   2 |  170.5 |
       Dungeon |    341 |    341 |      0 |      0 |    257 |   2 |  170.5 |
               +--------+--------+--------+--------+--------+-----+--------+

Top non-repeatable levels by time:
     D:4: 322 daAuts
     D:5: 19 daAuts
